Map: 파라 사이트 - 래더

Players

Dark - Winner!

  • Race: Zerg Zerg
  • League: Grandmaster
  • Spawn Location: 5:00

TYTY (TY)

  • Race: Terran Terran
  • League: Master
  • Spawn Location: 11:00

Event: IEM Season 13 - Katowice Server Qualifiers Asia 1

VOD

Have the link to the VOD?

Description

Time

  • Played on: Jan. 14, 2019, 5:25 a.m.
  • Length: 30:24

All games in this series

Show
View Real Time Build Order
Export as new Build Order

Dark Zerg - Winner!

Build Orders: Hatch First, Muta Ling Bane 

Get SALT Encoding   

  12  0:00  Drone  
  13  0:12  Overlord  
  13  0:18  Drone  
  14  0:31  Drone x2  
  16  0:36  Drone  
  17  0:51  Hatchery  
  17  0:54  Drone  
  17  0:58  Drone  
  18  1:07  Extractor  
  17  1:14  Spawning Pool  
  17  1:15  Drone  
  17  1:18  Drone  
  18  1:35  Drone  
  19  1:47  Hatchery, Drone  
  19  1:58  Drone  
  20  2:03  Queen  
  20  2:04  Zergling x2  
  23  2:09  Queen  
  25  2:17  Spine Crawler  
  22  2:41  Overlord  
  22  2:48  Overlord  
  22  2:52  Overlord  
  22  3:00  Drone x2  
  22  3:04  Zergling x4  
  26  3:13  Queen  
  26  3:17  Metabolic Boost  
  28  3:28  Zergling x6  
  31  3:41  Drone  
  31  3:43  Zergling x6  
  35  3:51  Drone  
  36  4:00  Drone x4  
  36  4:01  Drone  
  41  4:04  Drone  
  42  4:11  Drone x2  
  44  4:24  Overlord  
  44  4:32  Hatchery  
  44  4:36  Drone  
  44  4:43  Drone x3  
  43  4:46  Drone x3  
  45  4:55  Drone x2  
  45  4:56  Drone x2  
  45  4:58  Drone  
  50  5:04  Drone  
  50  5:05  Overlord  
  51  5:07  Overlord  
  51  5:14  Overlord  
  51  5:16  Overlord  
  51  5:21  Overlord  
  51  5:23  Queen  
  51  5:25  Queen  
  57  5:28  Drone x2  
  57  5:36  Drone x4  
  57  5:38  Drone  
  57  5:42  Baneling Nest  
  61  5:43  Drone x3  
  61  5:49  Queen  
  66  5:51  Drone  
  66  5:52  Drone  
  66  5:55  Spore Crawler  
  67  6:01  Queen  
  69  6:04  Lair  
  69  6:06  Drone x4  
  69  6:08  Spore Crawler  
  72  6:12  Zergling x6  
  72  6:13  Zergling x2  
  76  6:19  Zergling x6  
  76  6:24  Overlord  
  79  6:29  Spore Crawler  
  79  6:31  Overlord  
  79  6:32  Overlord  
  78  6:33  Extractor, Drone  
  78  6:34  Drone x2  
  78  6:35  Drone  
  78  6:36  Drone  
  78  6:37  Drone  
  78  6:38  Drone  
  84  6:41  Drone x2  
  84  6:42  Drone  
  87  6:51  Drone x2  
  89  6:56  Spore Crawler  
  88  7:01  Overseer  
  88  7:06  Drone x4  
  88  7:07  Drone  
  93  7:08  Extractor  
  93  7:09  Extractor  
  93  7:12  Hatchery, Spire, Drone  
  93  7:13  Drone x3  
  93  7:18  Extractor  
  93  7:19  Extractor  
  91  7:26  Drone  
  91  7:30  Hatchery  
  90  7:38  Drone x4  
  90  7:39  Drone x5  
  90  7:42  Baneling x5  
  99  7:52  Evolution Chamber  
  99  7:53  Evolution Chamber  
  99  7:54  Centrifical Hooks, Infestation Pit  
  95  8:14  Overlord x2, Spore Crawler  
  95  8:15  Overlord  
  95  8:18  Hatchery x2  
  92  8:24  Mutalisk  
  92  8:25  Mutalisk x5  
  104  8:29  Mutalisk  
  105  8:35  Drone x13  
  118  8:46  Zerg Melee Weapons Level 1  
  118  8:47  Hydralisk Den  
  117  8:48  Zerg Missile Weapons Level 1  
  117  8:56  Extractor  
  117  8:57  Extractor  
  117  8:59  Hive  
  117  9:00  Zergling x20  
  125  9:05  Spore Crawler  
  124  9:10  Baneling x4  
  124  9:11  Baneling  
  124  9:19  Overlord x3  
  124  9:22  Grooved Spines  
  123  9:40  Drone x10  
  133  9:48  Hydralisk x2  
  133  9:49  Hydralisk x2  
  133  9:50  Drone  
  134  10:03  Hydralisk  
  134  10:04  Hydralisk x6  
  147  10:07  Overseer  
  147  10:13  Adrenal Glands  
  146  10:23  Drone x4  
  146  10:24  Extractor x2, Spine Crawler  
  146  10:26  Spine Crawler  
  146  10:29  Spine Crawler  
  146  10:30  Viper  
  146  10:31  Viper  
  146  10:32  Greater Spire  
  146  10:33  Overlord  
  146  10:34  Muscular Augments  
  151  10:39  Hydralisk x3  
  151  10:40  Hydralisk  
  151  10:42  Hatchery  
  158  10:43  Overlord x5  
  158  11:02  Zergling x6  
  158  11:03  Zergling x30  
  176  11:14  Baneling x11  
  168  11:27  Hydralisk x4  
  161  11:36  Drone x5  
  161  11:39  Hydralisk x5  
  170  11:53  Drone x3  
  171  11:58  Corruptor x9  
  189  12:01  Pathogen Glands  
  189  12:02  Zerg Melee Weapons Level 2  
  189  12:08  Zerg Missile Weapons Level 2  
  189  12:10  Zerg Flyer Weapons Level 1  
  183  12:16  Baneling x7  
  177  12:42  Brood Lord x5  
  177  12:44  Corruptor  
  177  12:49  Drone x2  
  181  12:55  Corruptor x3  
  185  13:00  Hatchery, Corruptor x2  
  185  13:01  Drone x2  
  190  13:06  Corruptor  
  190  13:15  Zergling x8  
  190  13:17  Corruptor x3  
  178  13:30  Corruptor x3  
  184  13:36  Hatchery  
  184  13:37  Viper  
  184  13:49  Corruptor x2  
  184  13:50  Overlord x2  
  184  13:54  Overlord x2  
  186  14:05  Drone x2  
  186  14:08  Spine Crawler  
  186  14:09  Spine Crawler  
  185  14:10  Spine Crawler  
  185  14:14  Infestor  
  185  14:15  Infestor x3  
  192  14:21  Zergling x2  
  192  14:22  Zergling x20  
  199  14:26  Zerg Flyer Weapons Level 2  
  199  14:31  Zergling x16, Hydralisk  
  199  14:36  Drone x2  
  199  14:46  Zerg Melee Weapons Level 3  
  199  14:47  Zerg Missile Weapons Level 3  
  199  14:52  Baneling x3  
  199  14:53  Baneling x3  
  199  14:54  Drone  
  192  15:08  Hydralisk x5  
  192  15:10  Hatchery  
  192  15:12  Hydralisk x2  
  195  15:16  Zergling x16  
  198  15:23  Spine Crawler  
  197  15:30  Zergling x4  
  197  15:31  Zergling x6  
  197  15:33  Baneling x2  
  190  15:50  Hydralisk x3  
  190  15:51  Zergling x12  
  190  15:54  Hydralisk  
  198  16:00  Zergling x6  
  198  16:04  Baneling x9  
  195  16:12  Hatchery  
  194  16:22  Baneling  
  194  16:23  Baneling  
  194  16:25  Drone x3  
  196  16:26  Drone x3  
  196  16:31  Baneling x5  
  197  16:44  Drone x3  
  193  16:53  Hydralisk x4  
  195  16:58  Zergling x10  
  195  17:01  Burrow  
  200  17:03  Zerg Flyer Weapons Level 3  
  200  17:05  Spire  
  199  17:11  Spore Crawler  
  199  17:12  Spore Crawler  
  199  17:14  Hatchery, Spine Crawler  
  199  17:15  Spine Crawler  
  192  17:21  Zergling x2  
  192  17:22  Corruptor x2  
  172  17:23  Corruptor x2  
  172  17:25  Infestor  
  182  17:34  Drone x4  
  182  17:35  Drone  
  187  17:38  Infestor x2  
  191  17:48  Brood Lord x2  
  191  17:49  Brood Lord  
  197  17:54  Extractor  
  197  17:55  Extractor, Drone x4  
  199  18:02  Zerg Ground Armor Level 1  
  198  18:31  Unknown  
  193  18:34  Corruptor x2  
  191  18:46  Hydralisk x7  
  191  18:47  Hydralisk x3  
  192  18:48  Zergling x8  
  192  18:49  Zergling x4  
  192  18:55  Hydralisk x3  
  191  18:56  Zergling x8  
  191  18:57  Zergling x2  
  193  19:02  Drone  
  192  19:27  Baneling Nest  
  192  19:30  Hatchery, Infestor x2  
  192  19:31  Infestor x2  
  197  19:41  Zergling x6  
  191  20:01  Zergling x16  
  168  20:29  Drone x4  
  168  20:30  Drone x4  
  168  20:32  Zergling x8  
  180  20:40  Spore Crawler  
  180  20:42  Baneling x7  
  178  20:43  Baneling x3  
  178  20:46  Zergling x10  
  183  20:57  Zergling x10  
  183  21:03  Spore Crawler  
  187  21:16  Hatchery, Infestor x3  
  187  21:17  Infestor  
  187  21:18  Overlord x2  
  193  21:26  Zergling x6  
  185  21:45  Hydralisk x3  
  179  21:54  Hydralisk x4  
  179  21:55  Zergling x2  
  179  21:56  Zergling x14  
  179  21:59  Infestor x2  
  198  22:06  Spore Crawler  
  197  22:09  Spore Crawler, Hatchery  
  194  22:16  Drone  
  194  22:17  Drone x2  
  194  22:18  Baneling x6  
  194  22:20  Drone x2  
  194  22:22  Drone  
  194  22:24  Zerg Ground Armor Level 2, Zerg Flyer Armor Level 1  
  194  22:31  Baneling x6  
  194  22:32  Baneling x7  
  194  22:42  Infestor x8, Corruptor  
  194  22:43  Corruptor x2  
  200  23:02  Spore Crawler  
  200  23:04  Spore Crawler  
  197  23:07  Drone  
  197  23:08  Drone x3  
  199  23:31  Spine Crawler  
  198  23:35  Spine Crawler x2, Drone  
  198  23:36  Spore Crawler, Drone  
  198  23:37  Drone x3  
  198  23:41  Neural Parasite  
  199  23:50  Baneling x13  
  199  23:51  Baneling  
  199  23:53  Zergling x6  
  199  24:01  Hatchery  
  198  24:05  Zergling x4  
  199  24:15  Extractor  
  199  24:16  Spine Crawler  
  197  24:17  Spine Crawler  
  151  24:45  Hydralisk  
  151  24:46  Hydralisk x4  
  151  24:49  Corruptor  
  162  24:53  Corruptor x5  
  162  24:57  Zergling x2  
  179  25:01  Drone x7  
  178  25:08  Corruptor x4  
  186  25:17  Hatchery, Corruptor x2  
  186  25:20  Drone x2  
  186  25:21  Drone x3  
  194  25:27  Extractor  
  193  25:30  Corruptor  
  193  25:31  Extractor, Spore Crawler  
  193  25:33  Spore Crawler x2  
  193  25:34  Spore Crawler x3, Hatchery  
  193  25:35  Drone x3  
  182  25:36  Spore Crawler, Spine Crawler  
  182  25:37  Spine Crawler  
  182  25:42  Drone x3  
  182  25:43  Drone x3, Corruptor  
  182  25:45  Zergling x2  
  188  25:55  Corruptor  
  190  25:57  Extractor  
  190  25:58  Extractor  
  187  26:06  Corruptor  
  188  26:22  Corruptor  
  188  26:23  Corruptor  
  188  26:25  Zergling x32  
  200  26:43  Corruptor x2  
  188  26:55  Corruptor  
  184  27:06  Corruptor x2  
  183  27:14  Drone x4  
  183  27:16  Drone x5  
  183  27:18  Drone x3  
  183  27:22  Drone x2, Corruptor x3  
  188  27:24  Spore Crawler  
  194  27:30  Zergling x12  
  194  27:36  Zerg Flyer Armor Level 2  
  199  27:50  Baneling x8  
  199  27:51  Baneling x4  
  148  28:06  Corruptor x2  
  148  28:07  Corruptor x2  
  140  28:17  Corruptor x2  
  134  28:20  Corruptor  
  134  28:25  Corruptor  
  130  28:27  Zergling x30  
  130  28:28  Zergling x2  
  130  28:33  Corruptor x2  
  149  28:38  Zergling x6  
  141  28:43  Corruptor x2  
  141  28:50  Corruptor  
  139  28:58  Corruptor  
  139  28:59  Corruptor  
  139  29:01  Zergling x4  
  139  29:02  Zergling x2  
  146  29:09  Corruptor  
  146  29:10  Corruptor  
  146  29:11  Zergling x4  
  152  29:20  Corruptor x2  
  146  29:24  Zergling x18  
  146  29:29  Corruptor  
  155  29:35  Corruptor x2  
  158  29:40  Corruptor  
  160  29:51  Corruptor x2  
  161  29:59  Drone x32  
  158  30:00  Drone  
  156  30:16  Hatchery  
Show
View Real Time Build Order
Export as new Build Order

TYTY Terran 

Build Orders:  

Get SALT Encoding   

  12  0:00  SCV  
  13  0:12  SCV  
  14  0:17  Supply Depot  
  14  0:24  SCV  
  15  0:39  Barracks  
  15  0:51  Barracks  
  15  1:04  Barracks  
  15  1:08  SCV  
  17  1:26  Marine, Orbital Command  
  17  1:38  Marine  
  18  1:44  Marine  
  19  1:51  Supply Depot  
  19  1:53  Marine  
  20  1:56  Marine  
  21  2:02  Marine, SCV  
  23  2:11  Bunker  
  23  2:12  Marine  
  23  2:13  Marine  
  25  2:17  Supply Depot  
  25  2:22  Bunker  
  25  2:24  Marine  
  25  2:28  SCV  
  27  2:37  Marine  
  27  2:40  SCV  
  27  2:43  Marine x2  
  31  2:50  Refinery  
  31  2:52  SCV  
  31  2:53  Refinery  
  32  3:05  SCV  
  33  3:07  Supply Depot  
  32  3:17  SCV  
  33  3:29  SCV  
  34  3:36  Factory  
  34  3:41  SCV  
  35  3:52  Command Center  
  35  3:54  SCV  
  36  4:06  SCV  
  37  4:18  SCV  
  37  4:19  Factory Reactor  
  37  4:22  Starport  
  37  4:30  SCV  
  38  4:36  Command Center  
  38  4:42  SCV  
  37  4:54  SCV  
  37  4:56  Hellion x2  
  37  4:58  Medivac  
  37  4:59  Barracks Tech Lab  
  44  5:06  SCV, Orbital Command  
  45  5:17  Hellion x2  
  45  5:20  SCV  
  50  5:23  Orbital Command  
  50  5:32  SCV  
  50  5:35  Banshee  
  54  5:39  Hellion x2  
  58  5:47  SCV  
  58  5:49  SCV  
  60  5:50  Orbital Command  
  60  5:59  SCV  
  60  6:01  SCV, Hellion  
  60  6:02  Hellion  
  66  6:11  SCV  
  66  6:13  SCV  
  66  6:17  SCV  
  69  6:22  Refinery x2  
  69  6:23  SCV  
  73  6:26  SCV  
  73  6:29  Hellion  
  73  6:32  Supply Depot, Hellion  
  75  6:33  SCV  
  75  6:38  Armory, Barracks Tech Lab  
  75  6:39  Armory, SCV  
  77  6:53  Raven, SCV  
  80  6:54  SCV  
  80  6:56  Orbital Command  
  80  7:00  Factory x2  
  84  7:07  SCV x2  
  83  7:10  Supply Depot  
  83  7:11  Supply Depot x2  
  83  7:18  Barracks Reactor  
  83  7:19  SCV x2  
  85  7:30  Terran Vehicle Weapons Level 1, Terran Vehicle And Ship Armor Level 1  
  85  7:32  SCV x3  
  85  7:33  Hellion x2  
  85  7:35  Supply Depot  
  92  7:43  Refinery  
  92  7:44  SCV x2  
  92  7:45  Refinery, SCV  
  95  7:54  Thor  
  95  7:56  SCV x2  
  95  7:57  Liberator, Thor  
  109  7:59  SCV  
  109  8:04  Hellion x2  
  109  8:08  SCV x2, Medivac  
  109  8:12  SCV  
  113  8:13  Supply Depot x2  
  114  8:20  SCV x2  
  114  8:23  Infernal Pre-Igniter  
  114  8:24  SCV  
  117  8:30  Engineering Bay  
  117  8:35  Widow Mine x2, SCV x2  
  117  8:36  SCV  
  124  8:42  Siege Tank x2  
  124  8:47  SCV  
  131  8:50  SCV x2  
  131  8:52  Supply Depot  
  131  8:54  Supply Depot  
  133  8:56  Command Center  
  133  8:59  Missile Turret  
  133  9:03  Missile Turret  
  133  9:04  Missile Turret  
  133  9:08  Supply Depot  
  133  9:09  Supply Depot  
  133  9:10  Supply Depot  
  133  9:14  Factory  
  133  9:15  Factory  
  133  9:16  Siege Tank  
  136  9:18  SCV  
  136  9:21  Starport Reactor, SCV  
  138  9:27  Hellion x2  
  138  9:30  SCV x2  
  142  9:34  Missile Turret, SCV  
  143  9:41  Siege Tank  
  146  9:45  SCV x2  
  146  9:46  Terran Vehicle Weapons Level 2  
  146  9:48  Terran Vehicle And Ship Armor Level 2, Siege Tank  
  151  9:54  Missile Turret  
  151  9:56  Supply Depot  
  145  10:00  SCV x2  
  145  10:06  Hellion  
  149  10:08  Factory Tech Lab  
  151  10:17  Planetary Fortress  
  151  10:18  Missile Turret  
  151  10:21  Siege Tank x2  
  158  10:29  Viking x2  
  158  10:31  Sensor Tower  
  159  10:37  Siege Tank  
  159  10:38  Hellion x4  
  159  10:40  SCV x2  
  159  10:41  SCV  
  173  10:45  Refinery x2  
  173  10:53  Siege Tank x2  
  180  10:59  Hellion x2  
  180  11:00  Viking x2  
  186  11:07  Hellion x2  
  186  11:10  SCV x2  
  192  11:11  Siege Tank  
  192  11:25  Siege Tank  
  191  11:27  Hellion x2  
  191  11:30  Viking x2  
  191  11:35  Hellion x2  
  193  11:41  Hellion x11  
  193  11:42  Hellion  
  193  11:44  Factory, SCV  
  193  11:45  Factory  
  196  11:52  SCV x2  
  195  11:55  Smart Servos  
  195  11:57  Command Center  
  195  12:15  Command Center  
  195  12:36  Hellion  
  195  12:37  Hellion  
  195  12:38  Viking, Siege Tank x2  
  195  12:39  Viking, Hellion x2  
  195  12:42  Hellion  
  195  12:44  Factory Tech Lab  
  195  12:53  Factory Tech Lab  
  195  12:54  Hellion x2  
  195  12:57  Terran Vehicle Weapons Level 3, Terran Vehicle And Ship Armor Level 3, Hellion  
  196  13:08  Viking  
  196  13:09  Hellion  
  196  13:11  Hellion x2  
  198  13:19  Hellion  
  191  13:23  Cyclone x3  
  191  13:25  Cyclone  
  179  13:28  Mag-Field Accelerator  
  179  13:30  Hellion x2  
  179  13:34  SCV x4  
  178  13:35  Planetary Fortress  
  178  13:36  Orbital Command  
  178  13:37  Refinery x2  
  178  13:38  Viking x2, Hellion x2  
  177  13:51  Cyclone  
  180  13:56  Cyclone x2  
  180  13:57  Starport, Cyclone  
  180  14:00  Hellion  
  180  14:01  Hellion  
  191  14:12  Viking x2  
  191  14:17  Hellion x2  
  190  14:27  Hellion x2  
  184  14:32  Hellion x2  
  184  14:35  Cyclone  
  184  14:37  Liberator  
  184  14:38  Liberator  
  178  14:39  Starport Tech Lab  
  178  14:40  Starport  
  181  14:51  Hellion  
  181  14:52  Hellion  
  185  14:53  Cyclone  
  185  14:58  Command Center x2  
  188  15:02  Command Center  
  166  15:15  Hellion  
  166  15:16  Hellion x2  
  166  15:17  Hellion x2  
  166  15:20  Raven  
  169  15:24  Cyclone x3  
  169  15:25  Starport Reactor  
  169  15:28  Hellion  
  180  15:34  Terran Ship Weapons Level 1  
  180  15:37  Hellion x2  
  182  15:49  Cyclone x2  
  180  15:55  Liberator x2  
  180  15:56  Cyclone x2  
  183  16:03  Liberator, Raven  
  183  16:04  Liberator, SCV x3  
  182  16:06  Missile Turret  
  182  16:08  Command Center, Cyclone  
  182  16:11  Hellion x3  
  188  16:16  Orbital Command  
  188  16:17  Planetary Fortress  
  194  16:21  Cyclone  
  200  16:29  Liberator  
  198  16:41  Command Center x2  
  198  16:46  Fusion Core, Cyclone  
  198  16:50  Hellion x2  
  196  17:04  Cyclone  
  196  17:05  Liberator  
  196  17:06  Liberator x2  
  195  17:20  Cyclone x2  
  195  17:21  Hellion x2  
  185  17:22  Hellion  
  185  17:23  Hellion  
  194  17:34  Planetary Fortress  
  194  17:36  Hellion x2  
  200  17:37  Hellion  
  200  17:46  Neosteel Armor  
  200  17:58  Terran Ship Weapons Level 2  
  200  18:05  Command Center  
  200  18:06  Starport  
  200  18:07  Command Center, Starport  
  200  18:12  Missile Turret  
  195  18:14  Missile Turret  
  195  18:15  Refinery, Missile Turret  
  195  18:20  Refinery, Cyclone  
  198  18:32  Liberator x2  
  198  18:33  Liberator  
  187  18:44  Cyclone x2  
  187  18:46  Cyclone x2  
  187  18:47  Hellion x2  
  182  18:50  Liberator  
  182  18:52  Cyclone  
  182  18:53  Hellion x2  
  164  19:08  Orbital Command x2  
  164  19:09  Hellion  
  169  19:10  Refinery  
  169  19:11  Refinery  
  169  19:15  Liberator x2, Hellion x2  
  169  19:16  Cyclone x2  
  165  19:18  Cyclone x2  
  165  19:21  Starport Tech Lab x2  
  169  19:25  Hellion  
  169  19:26  Hellion  
  173  19:32  Hellion  
  173  19:35  Refinery  
  173  19:36  Command Center  
  173  19:37  Hellion x2  
  180  19:47  Command Center, Cyclone  
  180  19:49  Cyclone  
  167  20:03  Cyclone x2  
  166  20:24  Hellion x2  
  166  20:26  Hellion  
  166  20:27  Hellion  
  143  20:32  Cyclone x2  
  146  20:38  Battlecruiser  
  146  20:40  Battlecruiser  
  146  20:42  Weapon Refit  
  144  20:53  Starport Tech Lab  
  144  21:04  Terran Ship Weapons Level 3, Raven  
  145  21:18  Battlecruiser  
  141  21:19  Orbital Command  
  139  21:30  SCV  
  139  21:31  SCV  
  139  21:32  SCV  
  132  21:34  SCV  
  132  21:37  SCV x2  
  132  21:38  SCV  
  121  21:43  Battlecruiser  
  120  21:51  Battlecruiser  
  105  22:04  Hellion  
  105  22:05  Cyclone  
  113  22:11  Planetary Fortress  
  110  22:26  Battlecruiser  
  113  22:33  Liberator x2  
  113  22:34  Battlecruiser  
  116  22:47  Raven  
  116  22:48  SCV x2  
  127  22:52  Hellion  
  127  22:53  Hellion x2  
  127  22:55  Hellion  
  134  23:10  Battlecruiser  
  140  23:13  Command Center  
  140  23:25  SCV x3  
  145  23:30  Battlecruiser  
  145  23:32  Battlecruiser  
  155  23:39  SCV  
  158  23:41  Missile Turret  
  158  23:45  SCV x3  
  159  23:49  Liberator x2  
  159  23:52  SCV x2  
  159  23:59  Cyclone x2  
  171  24:15  Planetary Fortress, Sensor Tower  
  170  24:37  Battlecruiser  
  98  24:49  Hellion x3  
  98  24:50  Hellion x2  
  108  25:01  Battlecruiser  
  110  25:10  Hellion  
  112  25:23  SCV  
  112  25:25  Orbital Command  
  113  25:31  Raven  
  113  25:34  Hellion  
  117  25:37  SCV x2  
  117  25:42  SCV  
  120  26:00  SCV x2  
  120  26:02  SCV, Orbital Command  
  121  26:12  Battlecruiser  
  121  26:13  Hellion x2  
  121  26:16  SCV  
  132  26:26  SCV x2  
  132  26:27  SCV x3  
  132  26:31  Battlecruiser  
  132  26:32  Hellion x2  
  147  26:43  SCV x2  
  149  26:52  Orbital Command  
  149  26:53  Hellion x3  
  149  26:54  Raven, Hellion x2  
  149  27:00  Raven  
  148  27:03  SCV x4  
  146  27:22  Hellion x2  
  150  27:28  Hellion  
  152  27:36  Hellion x2  
  156  27:43  Orbital Command  
  152  27:54  Hellion x4  
  101  28:26  Hellion x4, Orbital Command  
  102  28:29  Hellion x2  
  102  28:30  Hellion x2  
  102  28:32  SCV x2  
  113  28:35  SCV  
  104  28:43  SCV  
  104  28:44  SCV x2  
  104  28:48  SCV x2  
  107  28:56  SCV, Hellion x3  
  113  29:03  Siege Tank x2  
  113  29:04  Refinery, Viking x2  
  113  29:05  Refinery  
  113  29:06  SCV x2  
  121  29:27  Hellion  
  122  29:32  SCV x2  
  115  29:41  Cyclone x2  
  115  29:44  Hellion x2  
  117  29:50  Hellion  
  117  29:51  Hellion  

Tags
 
Add a new tag
Caveats
  • Supply blocks, unpowered buildings, or Contaminate may cause inaccurate times.
  • Supply counts are checked every 10 seconds.